 Dungeon Crawl Stone Soup version 0.26-a0-639-g72c4674329 (webtiles) character file.

Game seed: 15812163001252472483

306 Flugslaktarn the Skirmisher (level 6, -1/57 HPs)
             Began as a Minotaur Fighter on Sept 18, 2020.
             Slain by a hound (5 damage)
             ... on level 4 of the Dungeon.
             The game lasted 00:00:38 (1190 turns).

Flugslaktarn the Skirmisher (Minotaur Fighter)      Turns: 1190, Time: 00:00:38

Health: -1/57      AC:  7    Str: 22    XL:     6   Next: 16%
Magic:  5/5        EV:  7    Int:  6    God:
Gold:   35         SH:  9    Dex:  9    Spells: 5/5 levels left

rFire    . . .     SeeInvis .   k - +2 hand axe (venom)
rCold    . . .     Faith    .   c - +0 kite shield
rNeg     . . .     Spirit   .   b - +0 scale mail
rPois    .         Reflect  .   (helmet restricted)
rElec    .         Harm     .   (no cloak)
rCorr    .         Rampage  .   (no gloves)
MR       .....                  (no boots)
Stlth    ..........             (no amulet)
HPRegen  0.19/turn              (no ring)
MPRegen  0.09/turn              (no ring)

@: no status effects
A: retaliatory headbutt, horns 2
a: no special abilities


You were on level 4 of the Dungeon.
You visited 1 branch of the dungeon, and saw 5 of its levels.

You collected 35 gold pieces.

Inventory:

Hand Weapons
 k - a +2 hand axe of venom (weapon)
   (You took it off an orc on level 4 of the Dungeon)
Armour
 b - a +0 scale mail (worn)
 c - a +0 kite shield (worn)
Jewellery
 f - an uncursed amulet of magic regeneration {unknown}
   (You found it on level 1 of the Dungeon)
 h - a cursed ring of attention {unknown}
   (You found it on level 2 of the Dungeon)
Scrolls
 a - a scroll of noise {unknown}
 e - a scroll of enchant armour {unknown}
 g - a scroll of identify {unknown}
 i - a scroll of amnesia {unknown}
Potions
 d - a potion of might
 j - a potion of heal wounds {unknown}


   Skills:
 * Level 5.6 Fighting
 * Level 4.9 Axes
 + Level 4.7 Armour
 + Level 4.7 Shields


You had 5 spell levels left.
You didn't know any spells.
Your spell library was empty.

Dungeon Overview and Level Annotations

Branches:
Dungeon (5/15)
 Temple: D:4-7

Altars:
Hepliaklqana
Sif Muna
Vehumet


Innate Abilities, Weirdness & Mutations

You reflexively headbutt those who attack you in melee.
You have a pair of horns on your head.


Message History

You closely miss the hound.
The hound bites you but does no damage. x2
You miss the hound. The hound bites you but does no damage.
The hound bites you.
The orc wizard hits you from afar with a +0 trident.
You slash the hound!
The hound is heavily wounded.
You slash the ogre!
The ogre is poisoned.
You block the hound's attack. The ogre closely misses you.
You furiously retaliate!
You headbutt the ogre.
The orc wizard hits you but does no damage.
You closely miss the hound.
The hound is heavily wounded.
You barely miss the ogre. The hound bites you but does no damage.
The hound bites you. You block the orc wizard's attack.
You hit the hound but do no damage. You headbutt the hound!
The hound is almost dead.
You barely miss the ogre. You block the hound's attack.
The ogre hits you with a +0 giant spiked club!!
* * * LOW HITPOINT WARNING * * *
The hound bites you.
You die...

#......... .........#
#......... .........#
#......... .........#
#......... .........#
####'#.... .........#
#...#.... .........#
+...#.... ..?......#
#...#.... ......h@.#
#...#....
......O..#######...#....
.......o.#....##[..#....
.......†.#.........#
####.....#.........#
#.....#.........#
#.....#....##...#
#.....#....##...#
#.....#.........#


You could see an ogre (very poisoned), a hound and an orc wizard.

Vanquished Creatures
  A phantom (D:4)
  2 orc priests (D:4)
  A hound (D:4)
  2 iguanas (D:4)
  A worker ant (D:4)
  3 adders
  2 worms (D:4)
  A leopard gecko (D:2)
  8 orcs (D:4)
  A giant cockroach (D:4)
  A hobgoblin (D:3)
  A kobold (D:3)
  A rat (D:2)
25 creatures vanquished.

Vanquished Creatures (others)
  An orc wizard (D:4)
  An adder (D:4)
  2 orcs (D:4)
  A quokka skeleton (D:4)
5 creatures vanquished.

Grand Total: 30 creatures vanquished

Notes
Turn   | Place    | Note
-------+----------+-------------------------------------------
     0 | D:1      | Flugslaktarn the Minotaur Fighter began the quest for the
                  | Orb.
     0 | D:1      | Reached XP level 1. HP: 19/19 MP: 0/0
   189 | D:2      | Reached XP level 2. HP: 18/27 MP: 1/1
   495 | D:3      | Reached skill level 4 in Fighting
   614 | D:4      | Noticed a phantom
   632 | D:4      | Killed a phantom
   632 | D:4      | Reached XP level 3. HP: 35/35 MP: 2/2
   632 | D:4      | Reached XP level 4. HP: 41/41 MP: 3/3
   644 | D:4      | Found a radiant altar of Vehumet.
   647 | D:4      | Reached XP level 5. HP: 35/47 MP: 4/4
   655 | D:5      | Entered Level 5 of the Dungeon
   655 | D:5      | Noticed an ogre
   655 | D:5      | Noticed an orc warrior
   660 | D:4      | Reached skill level 5 in Fighting
   947 | D:4      | Found a hazy altar of Hepliaklqana.
   949 | D:4      | Found a shimmering blue altar of Sif Muna.
  1081 | D:4      | Reached XP level 6. HP: 56/56 MP: 5/5
  1190 | D:4      | Slain by a hound

Illustrated notes

Levels and vault maps discovered:
D:1:      minmay_arrival_widening_spiral_narrow, layout_loops_cross,
          tso_metal_star
D:2:      layout_loops_cross, uniq_crazy_yiuf_cottage
D:3:      layout_loops_ring, solitary_fountain, uniq_natasha
D:4:      cheibrodos_greedy_goblins, layout_gridville,
          grunt_temple_overflow_open, lemuel_zombie_altar_kikubaaqudgha,
          fiery_altar_vehumet, nemelex_xobeh_ov_fountains_minmay
D:5:      layout_gridville

Skill      XL: |  1  2  3  4  5 |
---------------+----------------+-----
Fighting       | 4 5 |  5.6
Axes           | 4 |  4.9
Armour         | 4 |  4.7
Shields        | 4 |  4.7

Action                   |  1- 3 |  4- 6 || total
-------------------------+-------+-------++-------
Melee: War axe           |    18 |     3 ||    21
       Unarmed           |    13 |       ||    13
       Headbutt          |     3 |     8 ||    11
       Hand axe          |       |    39 ||    39
Armor: Scale mail        |     6 |    10 ||    16
Dodge: Dodged            |    11 |    13 ||    24
Block: Kite shield       |     5 |    27 ||    32

Table legend: (Time is in decaauts)
 A = Elapsed time spent in this place.
 B = Non-inter-level travel time spent in this place.
 C = Inter-level travel time spent in this place.
 D = Time resting spent in this place.
 E = Time spent auto-exploring this place.
 F = Levels seen in this place.
 G = Mean time per level.
                   A        B        C        D        E       F      G
               +--------+--------+--------+--------+--------+-----+--------+
         Total |   1201 |   1177 |     24 |    315 |    673 |   5 |  240.2 |
       Dungeon |   1201 |   1177 |     24 |    315 |    673 |   5 |  240.2 |
               +--------+--------+--------+--------+--------+-----+--------+

Top non-repeatable levels by time:
     D:4: 691 daAuts
     D:3: 299 daAuts
     D:1: 158 daAuts
     D:2: 49 daAuts
     D:5: 3 daAuts
